 Dungeon Crawl Stone Soup version 0.15-a0-413-gc6111ba (webtiles) character file.

734 PolkaDot the Covert (level 7, -4/53 HPs)
             Began as a Vampire Assassin on May 5, 2014.
             Was a Follower of Makhleb.
             Killed by divine providence
             ... invoked by an orc priest
              (9 damage)
             ... on Level 4 of the Dungeon.
             The game lasted 00:15:04 (4875 turns).

PolkaDot the Covert (Vampire Assassin)              Turns: 4875, Time: 00:15:04

HP  -4/53        AC  6     Str 10      XL: 7   Next: 15%
MP   7/7         EV 12     Int 13      God: Makhleb [*.....]
Gold 148         SH  0     Dex 17      Spells:  0 memorised,  6 levels left

rFire  . . .     SeeInvis +     a - +2 dagger
rCold  + . .     Clarity  .     c - +0 robe
rNeg   + + .     Conserve .     (no shield)
rPois  +         rCorr    .     i - +2 hat
rElec  .         rRot     +     q - +0 cloak
SustAb . .       Spirit   .     (no gloves)
rMut   .         Warding  .     m - +0 pair of boots
Saprov . . .     Stasis   .     (no amulet)
MR     .....                    (no ring)
                                h - ring of stealth

@: regenerating slowly, not resistant to hostile enchantments, very stealthy
A: bottle blood, fangs 3, see invisible, unbreathing
a: Bat Form, Bottle Blood, Renounce Religion


You were on level 4 of the Dungeon.
You worshipped Makhleb.
Makhleb was aware of your devotion.
You were thirsty.

You visited 1 branch of the dungeon, and saw 4 of its levels.

You collected 148 gold pieces.

Inventory:

Hand weapons
 a - a +2,+2 dagger (weapon)
 b - a +0 blowgun
Missiles
 e - 24 poisoned needles
 f - 2 curare-tipped needles
 v - 8 needles of frenzy
Armour
 c - a +0 robe (worn)
 i - a +2 hat (worn)
 m - a +0 pair of boots (worn)
 q - a +0 cloak (worn)
Scrolls
 d - a scroll of identify
 g - a scroll of remove curse
 r - a scroll of recharging
 w - a scroll of immolation
Jewellery
 h - a ring of stealth (left hand)
Potions
 o - a potion of paralysis {!q}


   Skills:
 + Level 3.7 Fighting
 + Level 5.0 Short Blades
 - Level 1.5 Throwing
 - Level 1.1 Dodging
 * Level 10.0 Stealth


You had 6 spell levels left.
You didn't know any spells.

Dungeon Overview and Level Annotations

Branches:
Dungeon (4/15)
 Temple: D:4-7

Altars:
Makhleb
Okawaru

Annotations:
D:3 Sigmund


Innate Abilities, Weirdness & Mutations

You heal slowly.
You can bottle blood from corpses.
You have razor-sharp teeth.*
You have supernaturally acute eyesight.
You can survive without breathing.*


Message History

As you read the scroll labeled FREUPN BROMEM, it crumbles to dust.
You feel aware of your surroundings.
You sensed 1 altar.
It was a scroll of magic mapping.
The orc wizard hits you but does no damage. x2
The orc wizard closely misses you. The orc barely misses you.
The orc priest hits you but does no damage.
The orc drinks a potion.
The orc goes berserk!
You hit the orc.
The orc is moderately wounded.
The orc wizard gestures at you while chanting.
The magic dart hits you! The orc wizard closely misses you.
The orc hits you but does no damage. The orc priest barely misses you.
The orc wizard casts a spell.
The orc wizard seems to speed up.
The orc wizard casts a spell.
The orc wizard blinks!
The orc priest mumbles some strange prayers to Beogh against you.
Something smites you!
You die...

########### #.........#
#.#######.# #.# #.# #####
#.#######.################....
##...o..oo.o..@..#........#.###
###...#..o##.#####............#
.............).......######.###
###...#...##.######### #.#
##.>.......# #.# ## #.##..#####
#.# #. #.##......# ###.# #.
#.###.###.# #...# #.
#.###.###.# #.### #.


You could see an orc priest, an orc wizard and 2 orcs.

Vanquished Creatures
  The ghost of zhaba the Sneak, an average HaAs (D:3)
  A phantom (D:4)
  2 orc priests (D:4)
  An orc wizard (D:3)
  A worker ant (D:4)
  9 adders
  A giant mite (D:2)
  2 worms (D:2)
  5 giant geckos
  An ooze (D:3)
  10 orcs
  A ball python (D:2)
  2 giant cockroaches
  7 goblins
  12 hobgoblins
  10 kobolds
  2 quokkas (D:2)
  16 bats
  2 giant newts
  7 jackals
  11 rats
104 creatures vanquished.

Notes
Turn   | Place    | Note
--------------------------------------------------------------
     0 | D:1      | PolkaDot, the Vampire Assassin, began the quest for the Orb.
     0 | D:1      | Reached XP level 1. HP: 16/16 MP: 1/1
    40 | D:1      | Reached skill level 6 in Stealth
   196 | D:1      | Reached XP level 2. HP: 20/22 MP: 2/2
  1108 | D:1      | Reached XP level 3. HP: 27/27 MP: 3/3
  1521 | D:2      | Reached skill level 7 in Stealth
  1560 | D:2      | Reached XP level 4. HP: 26/34 MP: 4/4
  3086 | D:3      | Found a burning altar of Makhleb.
  3088 | D:3      | Noticed a balrug
  3094 | D:3      | Noticed a hellwing
  3094 | D:3      | Noticed a smoke demon
  3096 | D:3      | Became a worshipper of Makhleb the Destroyer
  3153 | D:3      | Reached XP level 5. HP: 28/39 MP: 5/5
  3253 | D:2      | Found an iron altar of Okawaru.
  3298 | D:3      | Noticed zhaba's ghost (average HaAs)
  3305 | D:3      | Paralysed by a potion of paralysis for 3 turns
  3327 | D:3      | Killed zhaba's ghost
  3327 | D:3      | Reached skill level 9 in Stealth
  3327 | D:3      | Reached XP level 6. HP: 18/47 MP: 6/6
  4262 | D:3      | Noticed Sigmund
  4510 | D:4      | Acquired Makhleb's first power
  4677 | D:4      | Reached skill level 10 in Stealth
  4677 | D:4      | Reached XP level 7. HP: 17/52 MP: 7/7
  4684 | D:4      | Reached skill level 5 in Short Blades
  4875 | D:4      | Killed from afar by an orc priest

Action                   |  1- 3 |  4- 6 |  7- 9 || total
-------------------------+-------+-------+-------++-------
Melee: Dagger            |   136 |   208 |    22 ||   366
  Use: Potion            |     1 |    13 |       ||    14
       Scroll            |       |     3 |     3 ||     6
 Stab: Sleeping          |     8 |    22 |     2 ||    32
       Distracted        |       |     1 |       ||     1
